AoeStats
← joeharry10

Four Lakes

507618514Analyzed
1v1 RM · 13d ago on Sep 19, 2026· 13m 40s· 2 players
Game mode
Random Map
Map size
Tiny (2 player)
Population
200
Speed
Normal
Resources
Standard
Victory
Conquest
Starting age
Dark Age
Ending age
Imperial Age
RankedLock teamsTeams togetherTeam positionsShared explorationLock speedFull tech treeHidden civsTurbo modeCheats
Victory
Defeat
🇬🇷 Berbers · Greece
1575
+16
🇺🇸 Turks · United States
1580
-16
For The Horde
7:58 Loom
10:14 Feudal Age
10:48 Double-Bit Axe
joeharry10
4:44 Loom
10:31 Feudal Age
11:00 Double-Bit Axe
11:15 Horse Collar
13:34 Wheelbarrow
Connection lost

Rejoining the realm…

Still unreachable

The connection could not be restored.

Session expired

The server has moved on; the page needs a fresh start.